 Dungeon Crawl Stone Soup version 0.16-a0-2038-g968ce0a (webtiles) character file.

326 PolkaDot the Caller (level 6, -1/46 HPs)
             Began as a Vampire Summoner on Nov 10, 2014.
             Slain by ConnectionFaild's ghost (12 damage)
             ... in a sewer.
             The game lasted 00:14:24 (3145 turns).

PolkaDot the Caller (Vampire Summoner)              Turns: 3145, Time: 00:14:24

Health: -1/46      AC:  2    Str:  7    XL:     6   Next: 24%
Magic:  0/10       EV: 12    Int: 19    God:
Gold:   174        SH:  0    Dex: 14    Spells: 3 memorised, 1 level left

rFire  . . .     SeeInvis +     q - +4 dagger (elec)
rCold  . . .     Clarity  .     a - +0 robe
rNeg   . . .     SustAb   .     (no shield)
rPois  .         Gourm    .     (no helmet)
rElec  .         Spirit   +     (no cloak)
rCorr  .         Warding  .     (no gloves)
rMut   .         Stasis   .     (no boots)
MR     .....                    j - amulet of guardian spirit
Stlth  ++........               (no ring)
                                c - ring of flight

@: about to teleport, flying, very slightly contaminated, regenerating very
quickly, not resistant to hostile enchantments, unstealthy
A: bottle blood, fangs 3, talons 1, see invisible, unbreathing
a: Bottle Blood


You were in a sewer.
You were almost alive.

You visited 1 branch of the dungeon, and saw 4 of its levels.
You also visited: Sewer.

You collected 174 gold pieces.

Inventory:

Hand weapons
 q - a +4 dagger of electrocution (weapon)
Armour
 a - a +0 robe (worn)
Jewellery
 c - a ring of flight (left hand)
 j - an amulet of guardian spirit (around neck)
 t - an uncursed amulet of rage {unknown}
Magical devices
 l - a wand of frost (22)
 p - a wand of paralysis (0)
Scrolls
 e - a scroll of immolation {unknown}
 f - 2 scrolls of teleportation
 h - a scroll of blinking {unknown}
 i - a scroll of enchant weapon {unknown}
 m - a scroll of identify {unknown}
 o - a scroll of recharging {unknown}
 s - a scroll of random uselessness {unknown}
Potions
 k - a potion of curing
 n - a potion of flight
 u - a potion of blood {@*1}
Books
 b - a book of Callings

   Spells                             Type                      Level
   *Summon Small Mammal               Summoning                    1
   Call Imp                           Summoning                    2
   *Call Canine Familiar              Summoning                    3
   Summon Guardian Golem              Hexes/Summoning              4
   Summon Lightning Spire             Summoning/Air                4
   *Summon Ice Beast                  Ice/Summoning                4


   Skills:
 - Level 2.6 Fighting
 - Level 2.1 Dodging
 - Level 3.0 Stealth
 - Level 2.0 Spellcasting
 * Level 6.6 Summonings
 + Level 1.5 Ice Magic


You had one spell level left.
You knew the following spells:

 Your Spells              Type           Power        Failure   Level  Hunger
a - Summon Small Mammal   Summ           ####         1%          1    #......
d - Call Canine Familiar  Summ           ####....     3%          3    ###....
i - Summon Ice Beast      Ice/Summ       ###.....     34%         4    #####..


Dungeon Overview and Level Annotations

Branches:
Dungeon (4/15)
 Temple: D:4-7

Altars:
Kikubaaqudgha

Annotations:
Sewer ConnectionFaild's ghost, average GrHu


Innate Abilities, Weirdness & Mutations

Your natural rate of healing is extremely fast.
You can bottle blood from corpses.
You have razor-sharp teeth.
You have supernaturally acute eyesight.
You can survive without breathing.
You have sharp toenails.


Message History

* * * LOW HITPOINT WARNING * * *
The giant frog hits you!
* * * LOW HITPOINT WARNING * * *
Drink which item? (? for menu, Esc to quit)
You feel much better.
The giant frog hits you but does no damage.
You feel something passing dangerously close to your head.
ConnectionFaild's ghost barely misses you.
The giant frog hits you.
* * * LOW HITPOINT WARNING * * *
The giant frog hits you!
* * * LOW HITPOINT WARNING * * *
You see here a glowing beryl amulet.
Read which item? (? for menu, Esc to quit)
As you read the scroll labeled DERYTY KHOCAO, it crumbles to dust.
You feel strangely unstable.
It was a scroll of teleportation.
The giant frog closely misses you. The giant frog hits you!
* * * LOW HITPOINT WARNING * * *
The giant frog barely misses you. ConnectionFaild's ghost hits you!
You die...

#≈≈≈##.≈≈≈.#≈≈≈≈≈≈≈≈#
#.#
#.≈.##.≈≈≈.#≈≈≈≈≈≈≈≈≈#
#.#
##≈###.≈≈≈.≈≈≈≈≈≈≈≈≈≈≈#
#.# #.#
#.≈≈≈.≈≈≈≈≈≈≈≈≈≈≈# #.#
#.# #.≈≈≈.≈≈≈≈≈≈≈≈≈≈≈##
#.# #∩#
#.≈≈≈.≈≈≈≈≈.≈≈≈≈≈≈# #.#
#.# #.≈≈≈≈≈≈≈≈.).≈≈≈≈≈#
#.# #∩#
#.≈≈≈≈≈≈≈≈WFF.≈≈≈≈# #.#
#.# #.≈≈≈≈≈≈≈.≈@.≈≈≈≈≈#
#.# ###
#.≈≈≈≈≈≈≈≈...≈≈≈≈≈# #.#
#.≈≈≈≈≈≈≈≈≈≈..≈≈≈≈# #.#
#.≈≈≈≈≈≈.≈..≈..≈≈## #.#
#.≈≈≈≈≈≈≈.≈≈..∩≈≈# #≈#
#.≈≈≈≈≈≈≈≈≈≈.≈≈≈≈# #≈#
#.≈≈≈≈≈≈≈≈≈≈≈≈≈≈# #.#
#.≈≈≈≈≈≈≈≈≈≈≈≈≈≈ #.#
#.≈≈≈.≈≈≈≈≈≈≈≈≈ #≈#


You could see 2 giant frogs and ConnectionFaild's ghost.

Vanquished Creatures
  A hound (D:4)
  Jessica (D:2)
  3 gnolls (D:3)
  4 adders
  2 giant mites (Sewer)
  A worm (D:2)
  5 giant geckos
  11 orcs
  3 ball pythons (Sewer)
  5 bats
  10 giant cockroaches
  8 hobgoblins
  7 jackals
  2 quokkas (D:2)
  9 giant newts
  7 goblins
  5 kobolds
  5 rats
89 creatures vanquished.

Vanquished Creatures (collateral kills)
  An ogre (D:3)
  Ijyb (D:3)
  An ooze (D:2)
  An orc (D:3)
  A giant cockroach (D:4)
5 creatures vanquished.

Grand Total: 94 creatures vanquished

Notes
Turn   | Place    | Note
--------------------------------------------------------------
     0 | D:1      | PolkaDot, the Vampire Summoner, began the quest for the Orb.
     0 | D:1      | Reached XP level 1. HP: 13/13 MP: 3/3
   176 | D:1      | Reached XP level 2. HP: 17/20 MP: 4/4
   325 | D:1      | Reached skill level 1 in Fighting
   843 | D:2      | Reached XP level 3. HP: 23/26 MP: 6/6
  1006 | D:2      | Learned a level 3 spell: Call Canine Familiar
  1015 | D:2      | Noticed Jessica
  1026 | D:2      | Killed Jessica
  1044 | D:2      | Reached skill level 5 in Summonings
  1165 | D:2      | Reached XP level 4. HP: 23/33 MP: 4/7
  1273 | D:2      | Found an ancient bone altar of Kikubaaqudgha.
  1706 | D:3      | Noticed an ogre
  1720 | D:3      | Killed an ogre
  1720 | D:3      | Reached XP level 5. HP: 17/39 MP: 2/9
  2129 | D:3      | Noticed Ijyb
  2132 | D:3      | Paralysed by Ijyb for 6 turns
  2149 | D:3      | Killed Ijyb
  2223 | D:3      | Reached skill level 6 in Summonings
  2315 | D:3      | Learned a level 4 spell: Summon Ice Beast
  2805 | D:4      | Found a glowing drain.
  2814 | D:4      | Reached skill level 1 in Ice Magic
  2814 | D:4      | Reached XP level 6. HP: 36/46 MP: 7/10
  2856 | Sewer    | Entered a sewer
  3125 | Sewer    | Noticed ConnectionFaild's ghost (average GrHu)
  3131 | Sewer    | Gained mutation: You have sharp toenails. [potion of beneficial mutation]
  3145 | Sewer    | Slain by ConnectionFaild's ghost

Action                   |  1- 3 |  4- 6 || total
-------------------------+-------+-------++-------
Melee: Dagger            |    95 |   171 ||   266
       Unarmed           |     2 |       ||     2
 Cast: Call Canine Famil |       |     5 ||     5
 Abil: Bottle Blood      |       |     2 ||     2
  Use: Potion            |     1 |     7 ||     8
       Scroll            |       |     1 ||     1
 Stab: Sleeping          |     2 |     7 ||     9
       Distracted        |     1 |       ||     1
  Eat: Corpse            |    12 |    16 ||    28
